 Dungeon Crawl Stone Soup version 0.23-b1-3-gdda8187c6f (webtiles) character file.

Game seed: 913368526916931538

4967 Ihlosi the Basher (level 10, -19/61 HPs)
             Began as a Kobold Fighter on Jan 31, 2019.
             Was a Believer of the Shining One.
             Demolished by a two-headed ogre
             ... wielding a +0 giant club
              (22 damage)
             ... on level 9 of the Dungeon.
             The game lasted 00:20:58 (9181 turns).

Ihlosi the Basher (Kobold Fighter)                  Turns: 9181, Time: 00:20:58

Health: -19/61     AC:  8    Str: 17    XL:     10   Next: 82%
Magic:  0/21       EV: 14    Int: 10    God:    the Shining One [**....]
Gold:   382        SH: 11    Dex: 19    Spells: 7/9 levels left

rFire    . . .     SeeInvis .   a - +1 flail (holy)
rCold    . . .     Gourm    .   c - +0 shield
rNeg     + . .     Faith    .   t - +0 scale mail (curse)
rPois    .         Spirit   +   (no helmet)
rElec    .         Reflect  .   x - +0 cloak
rCorr    .         Harm     .   (no gloves)
MR       .....                  (no boots)
Stlth    ..........             l - amulet of guardian spirit
HPRegen  0.20/turn              n - ring of magical power
MPRegen  0.17/turn              y - +5 ring of dexterity

@: glowing
A: small, carnivore
a: Divine Shield, Renounce Religion


You were on level 9 of the Dungeon.
You worshipped the Shining One.
The Shining One was pleased with you.
You were completely stuffed.

You visited 2 branches of the dungeon, and saw 10 of its levels.

You collected 459 gold pieces.
You spent 77 gold pieces at shops.

Inventory:

Hand Weapons
 a - a +1 flail of holy wrath (weapon)
 m - the cursed +3 falchion of Propriety {flame, Dex+3, unknown}
   (You found it on level 7 of the Dungeon)

   It has been specially enchanted to burn those struck by it, causing extra
   injury to most foes and up to half again as much damage against particularly
   susceptible opponents.
   Big, fiery blades are also staple armaments of hydra-hunters.
   It affects your dexterity (+3).
   It has a curse placed upon it.
 p - a +0 flail
 B - a +2 dagger of flaming
 C - a +1 flail of protection
 G - a +1 falchion of slicing
Missiles
 e - 9 needles of frenzy
 v - 33 bolts
 J - 95 arrows
 N - 2 throwing nets (quivered)
Armour
 b - a +1 scale mail
 c - a +0 shield (worn)
 j - a +0 ring mail of fire resistance
 t - a cursed +0 scale mail (worn)
 x - a +0 cloak (worn)
 M - the +2 pair of boots of Faar {Slay+3, unknown}
   (You found it on level 8 of the Dungeon)

   It affects your accuracy and damage with ranged weapons and melee attacks
   (+3).
Jewellery
 h - an uncursed ring of poison resistance {unknown}
 l - an amulet of guardian spirit (around neck)
 n - a ring of magical power (left hand)
 r - an uncursed amulet of rage {unknown}
 y - a +5 ring of dexterity (right hand)
 D - an uncursed amulet of regeneration {unknown}
Scrolls
 w - 4 scrolls of teleportation
 z - a scroll of fog
 H - 4 scrolls of identify
 I - a scroll of enchant armour
Potions
 d - 3 potions of might
 g - 6 potions of curing
 i - 7 potions of haste
 k - 2 potions of mutation
 o - a potion of resistance
 u - a potion of flight {unknown}
 A - a potion of brilliance {unknown}
 L - a potion of agility {unknown}
Comestibles
 f - 12 rations
 q - 2 chunks of flesh


   Skills:
 * Level 6.7 Fighting
 * Level 8.8 Maces & Flails
 * Level 5.7 Armour
 * Level 5.9 Dodging
 - Level 6.0 Shields
   Level 3.1 Evocations


You had 7 spell levels left.
You knew the following spells:

 Your Spells              Type           Power        Failure   Level  Hunger
a - Passwall              Tmut/Erth      #.......     100%        2    ###....

Your spell library contained the following spells:

 Spells                   Type           Power        Failure   Level  Hunger
 Animate Skeleton         Necr           N/A          99%         1    ##.....
 Apportation              Tloc           #.....       99%         1    ##.....
 Beastly Appendage        Tmut           #.....       99%         1    ##.....
 Confusing Touch          Hex            #.....       99%         1    ##.....
 Corona                   Hex            #......      99%         1    ##.....
 Infusion                 Chrm           #...         99%         1    ##.....
 Sandblast                Erth           #.....       99%         1    ##.....
 Shock                    Conj/Air       #...         99%         1    ##.....
 Sting                    Conj/Pois      #...         99%         1    ##.....
 Summon Small Mammal      Summ           #...         99%         1    ##.....
 Call Imp                 Summ           #.......     100%        2    ###....
 Ensorcelled Hibernation  Hex/Ice        #.....       100%        2    ###....
 Poisonous Vapours        Pois/Air       #.....       100%        2    ###....
 Shroud of Golubria       Chrm/Tloc      #.........   100%        2    ###....
 Song of Slaying          Chrm           #.......     100%        2    ###....
 Sticks to Snakes         Tmut           #.......     100%        2    ###....
 Swiftness                Chrm/Air       #.......     100%        2    ###....
 Call Canine Familiar     Summ           #.......     100%        3    ####...
 Confuse                  Hex            #.......     100%        3    ####...
 Dazzling Spray           Conj/Hex       #.....       100%        3    ####...
 Mephitic Cloud           Conj/Pois/Air  #.......     100%        3    ####...
 Regeneration             Chrm/Necr      #.........   100%        3    ####...
 Spectral Weapon          Hex/Chrm       #.......     100%        3    ####...
 Spider Form              Tmut/Pois      #.........   100%        3    ####...
 Static Discharge         Conj/Air       #.......     100%        3    ####...
 Stone Arrow              Conj/Erth      #.....       100%        3    ####...
 Summon Guardian Golem    Hex/Summ       #.......     100%        3    ####...
 Tukima's Dance           Hex            #.......     100%        3    ####...
 Airstrike                Air            #.........   100%        4    #####..
 Ice Form                 Ice/Tmut       #.......     100%        4    #####..
 Olgreb's Toxic Radiance  Pois           #.......     100%        4    #####..
 Petrify                  Tmut/Erth      #.......     100%        4    #####..
 Summon Ice Beast         Ice/Summ       #.......     100%        4    #####..
 Summon Lightning Spire   Summ/Air       #.......     100%        4    #####..
 Blade Hands              Tmut           #.........   100%        5    ######.
 Lee's Rapid Deconstruct  Erth           #.........   100%        5    ######.
 Lightning Bolt           Conj/Air       #.........   100%        5    ######.
 Venom Bolt               Conj/Pois      #.........   100%        5    ######.


Dungeon Overview and Level Annotations

Branches:
Dungeon (9/15)             Temple (1/1) D:6
   Lair: D:8-11         Orc: D:9-12

Altars:
Ashenzari
Cheibriados
Dithmenos
Elyvilon
Gozag
Hepliaklqana
Kikubaaqudgha
Makhleb
Nemelex Xobeh
Okawaru
Ru
Sif Muna
Trog
Uskayaw
Vehumet
Wu Jian
Xom
Yredelemnul
Zin
The Shining One

Shops:
D:8 }   D:9 %

Annotations:
D:8 1 runed translucent door, Tengu!, Infinimo's ghost, novice HOFE


Innate Abilities, Weirdness & Mutations

You are small and have problems with some larger weapons.
You are carnivorous and can eat meat at any time.


Message History

The two-headed ogre hits you with a +0 giant club!
You hit the two-headed ogre.
The two-headed ogre is severely wounded.
The two-headed ogre hits you with a +0 giant club! x2
You hit the two-headed ogre.
The two-headed ogre is severely wounded.
The two-headed ogre hits you with a +0 giant club!! x2
* * * LOW HITPOINT WARNING * * *
You hit the two-headed ogre.
The two-headed ogre is severely wounded.
You block the two-headed ogre's attack.
The two-headed ogre hits you with a +0 giant club.
The Shining One protects you from harm!
You hit the two-headed ogre.
The two-headed ogre is almost dead.
You sock the two-headed ogre!
The two-headed ogre is almost dead.
You block the two-headed ogre's attack.
The two-headed ogre hits you with a +0 giant club!!
You die...

#.# #.##.## #.###########
#.##..# #...........###
#.###.# ##########...<#
####.###.. #..###
#.......#. #..# #.......#.
#..# #.......## .#######..#
#.......# ........@.#
#.......# .#######O##
######.## ### ####)##### ..
#.# ..# #........##.### #.#
..######### #.............#
#.# ..##......#
#........###### #.#
..##.####.###..............
#.# ..##!#
#.............##### #.#
..##.####..##.........# #.#


You could see a two-headed ogre.

Vanquished Creatures
  Harold (D:9)
  A two-headed ogre (D:7)
  2 hippogriffs
  A vampire mosquito (D:7)
  An ice beast (D:7)
  An ogre (D:7)
  2 sky beasts
  6 centaurs
  A black bear (D:7)
  2 phantoms
  A necrophage (D:9)
  4 bullfrogs
  A scorpion (D:8)
  4 wights (D:8)
  3 howler monkeys
  2 crimson imps
  3 quasits
  3 bullfrog skeletons
  An orc priest (D:4)
  2 centaur skeletons
  4 hounds
  3 jellies
  12 worker ants
  Natasha (thrice) (D:4)
  5 iguanas
  An orc wizard (D:9)
  A hound zombie (D:8)
  A hound skeleton (D:4)
  A worker ant zombie (D:8)
  7 gnolls
  11 adders
  An ooze (D:1)
  3 adder skeletons
  4 worms
  A dart slug (D:2)
  4 leopard geckos
  16 orcs
  A ball python (D:3)
  3 bats (D:1)
  4 giant cockroaches
  13 goblins
  8 hobgoblins
  12 jackals
  14 kobolds
  6 quokkas
  2 frilled lizards
  A leopard gecko skeleton (D:5)
  10 rats
194 creatures vanquished.

Notes
Turn   | Place    | Note
-------+----------+-------------------------------------------
     0 | D:1      | Ihlosi the Kobold Fighter began the quest for the Orb.
     0 | D:1      | Reached XP level 1. HP: 14/14 MP: 1/1
    36 | D:1      | Reached XP level 2. HP: 18/19 MP: 2/2
   136 | D:1      | Reached skill level 2 in Maces & Flails
   206 | D:1      | Reached XP level 3. HP: 20/23 MP: 3/3
   907 | D:2      | Reached XP level 4. HP: 23/28 MP: 4/4
  1821 | D:3      | Found a shattered altar of Ashenzari.
  1985 | D:3      | Found a shimmering altar of Xom.
  2019 | D:3      | Reached XP level 5. HP: 31/33 MP: 5/5
  2059 | D:3      | Reached skill level 1 in Dodging
  2156 | D:3      | Reached skill level 3 in Maces & Flails
  2205 | D:3      | Found a faded altar of an unknown god.
  2609 | D:4      | Noticed a phantom
  2642 | D:4      | Killed a phantom
  2642 | D:4      | Reached XP level 6. HP: 23/38 MP: 6/6
  2954 | D:4      | Noticed Natasha
  2971 | D:4      | Killed Natasha
  3088 | D:4      | Found an ornate altar of the Wu Jian Council.
  3098 | D:4      | Reached skill level 4 in Maces & Flails
  3098 | D:4      | Reached XP level 7. HP: 42/43 MP: 7/7
  3425 | D:4      | Noticed Natasha
  3441 | D:4      | Killed Natasha
  3711 | D:4      | Noticed Natasha
  3716 | D:4      | Killed Natasha
  3762 | D:4      | Found an ornate altar of the Wu Jian Council.
  4189 | D:5      | Entered Level 5 of the Dungeon
  4424 | D:5      | Learned a level 2 spell: Passwall
  4729 | D:5      | Found a bloodstained altar of Trog.
  4858 | D:6      | Reached XP level 8. HP: 33/48 MP: 8/8
  4908 | D:6      | Found a staircase to the Ecumenical Temple.
  4927 | Temple   | Entered the Ecumenical Temple
  5002 | Temple   | Became a worshipper of the Shining One
  5030 | D:6      | Reached skill level 5 in Maces & Flails
  5657 | D:6      | Reached skill level 5 in Fighting
  6425 | D:7      | Reached skill level 6 in Maces & Flails
  6451 | D:7      | Reached XP level 9. HP: 54/54 MP: 9/9
  6803 | D:7      | Noticed a hippogriff
  6827 | D:7      | Killed a hippogriff
  6831 | D:7      | Reached skill level 5 in Shields
  6911 | D:7      | Got a pitted falchion
  7250 | D:8      | Found Funo Meh's Gadget Boutique.
  7339 | D:8      | Reached skill level 7 in Maces & Flails
  7343 | D:8      | Identified the +4 morningstar "Ocafoufi" {speed, rElec
                  | rPois MR++ Int-2}
  7343 | D:8      | Noticed a tengu warrior
  7353 | D:8      | Bought a wand of paralysis (5) for 77 gold pieces
  7570 | D:8      | Reached skill level 5 in Armour
  7627 | D:8      | Reached * piety under the Shining One
  7824 | D:8      | Reached skill level 1 in Evocations
  7859 | D:8      | Reached XP level 10. HP: 52/60 MP: 10/10
  7900 | D:8      | Got a pair of slimy boots
  7934 | D:8      | Reached skill level 5 in Dodging
  8026 | D:8      | Noticed a two-headed ogre
  8087 | D:7      | Killed a two-headed ogre
  8087 | D:7      | Reached skill level 8 in Maces & Flails
  8434 | D:8      | Found a runed translucent door.
  8435 | D:8      | Noticed Infinimo's ghost (novice HOFE)
  8435 | D:8      | Noticed a +0 flail of chaos
  8452 | D:9      | Reached ** piety under the Shining One
  8529 | D:9      | Noticed Harold
  8532 | D:9      | Found Ibiys's Food Boutique.
  8548 | D:9      | Killed Harold
  8748 | D:9      | Noticed a two-headed ogre
  9178 | D:9      | HP: 2/61 [two-headed ogre/+0 giant club (17)]
  9179 | D:9      | The Shining One protects you from harm!
  9181 | D:9      | Demolished by a two-headed ogre

Skill      XL: |  1  2  3  4  5  6  7  8  9 10 |
---------------+-------------------------------+-----
Maces & Flails | 2 3 4 6 7 8 |  8.8
Shields        | 3 4 5 6 |  6.0
Dodging        | 1 2 3 4 5 |  5.9
Fighting       | 4 5 6 |  6.7
Armour         | 3 4 5 |  5.7
Evocations     | 1 3 |  3.1

Action                   |  1- 3 |  4- 6 |  7- 9 | 10-12 || total
-------------------------+-------+-------+-------+-------++-------
Melee: Flail             |   130 |   203 |   406 |   129 ||   868
       Dagger            |       |       |       |    12 ||    12
Evoke: Wand              |       |       |       |    11 ||    11
  Use: Scroll            |       |    10 |     8 |     2 ||    20
       Potion            |       |     1 |     1 |     6 ||     8
  Eat: Chunk             |     9 |     7 |    16 |     4 ||    36
Armor: Scale mail        |    60 |    73 |   123 |    38 ||   294
       Skin              |       |       |       |    11 ||    11
Dodge: Dodged            |    51 |    78 |   231 |    79 ||   439
Block: Shield            |    71 |   101 |   262 |    79 ||   513
